 Dungeon Crawl Stone Soup version 0.30.1 (webtiles) character file.

Game seed: 645519174499600277

4810 greatdavid the Ducker (level 10, 0/72 HPs)
             Began as a Djinni Fire Elementalist on July 6, 2023.
             Was a Priest of Zin.
             Slain by a killer bee (8 damage)
             ... on level 8 of the Dungeon.
             The game lasted 00:39:39 (10683 turns).

greatdavid the Ducker (Djinni Fire Elementalist)   Turns: 10683, Time: 00:39:41

Health: 0/72       AC:  3    Str:  7    XL:     10   Next: 76%
Gold:   212        EV: 15    Int: 22    God:    Zin [***...] SH:  0 Dex: 15

rFire   + + .        w - staff of poison "Zegof" {rPois Int+2 SInv}
rCold   . . .        (no shield)
rNeg    . . .        a - +0 robe
rPois   ∞            x - +0 helmet
rElec   .            (no cloak)
rCorr   .            (no gloves)
SInv    +            (boots unavailable)
Will    +....        i - amulet of faith
Stlth   ++           d - ring of protection from cold
HPRegen 0.32/turn    (no ring)
MPRegen 0.00/turn

%: faith, infuse magic (-1 HP)
@: flying, very slightly contaminated
A: sickness immunity, fire resistance 2, cold vulnerability 1, float, innate
caster, HP casting, extra vitality 1
a: Renounce Religion, Recite, Vitalisation, Imprison, Donate Gold


You were on level 8 of the Dungeon.
You worshipped Zin.
Zin was most pleased with you.
You visited 2 branches of the dungeon, and saw 9 of its levels.
You also visited: Sewer.

You collected 391 gold pieces.
You donated 179 gold pieces to Zin.

Inventory:

Hand Weapons
 t - the +7 staff of the Meek {protect, meekguard}
   (You found it on level 5 of the Dungeon)
Armour
 a - a +0 robe (worn)
 x - a +0 helmet (worn)
Magical Staves
 r - a staff of conjuration
 w - the staff of poison "Zegof" (weapon) {rPois Int+2 SInv}
   (You found it on level 6 of the Dungeon)

   [staff of poison]

   Your inability to study Poison Magic prevents you from drawing on the full
   power of this staff in melee.
   Base accuracy: +5 Base damage: 5 Base attack delay: 1.2 This weapon's minimum
   attack delay (0.6) is reached at skill level 12.
   Int:       It affects your intelligence (+2).
   rPois:     It protects you from poison.
   SInv:      It lets you see invisible.
   It falls into the 'Staves' category.
   It is a one-handed weapon.
Jewellery
 d - a ring of protection from cold (left hand)
 i - an amulet of faith (around neck)
Wands
 p - a wand of polymorph (12)
 u - a wand of flame (10)
 C - a wand of iceblast (5)
Scrolls
 e - 4 scrolls of enchant weapon {unknown}
 j - 6 scrolls of identify {unknown}
 m - 3 scrolls of magic mapping {unknown}
 n - 4 scrolls of amnesia {unknown}
 o - 2 scrolls of immolation {unknown}
 s - a scroll of poison {unknown}
 v - a scroll of summoning {unknown}
 y - 3 scrolls of teleportation {unknown}
 D - a scroll of noise {unknown}
 E - 2 scrolls of fog {unknown}
 F - a scroll of enchant armour {unknown}
Potions
 b - 4 potions of magic {unknown}
 c - 6 potions of heal wounds
 f - 2 potions of berserk rage {unknown}
 g - 3 potions of curing {unknown}
 h - 4 potions of ambrosia {unknown}
 k - 3 potions of cancellation {unknown}
 l - 3 potions of haste {unknown}
 q - 2 potions of flight {unknown}
 z - a potion of might {unknown}
 A - 2 potions of brilliance {unknown}
 B - 3 potions of attraction {unknown}


   Skills:
 + Level 6.2 Fighting
 + Level 4.7 Staves
 + Level 7.3 Dodging
 - Level 1.7 Stealth
 + Level 6.7 Spellcasting
 * Level 6.3 Invocations
 - Level 2.6 Evocations


You knew the following spells:

 Your Spells              Type           Power      Damage    Failure   Level
a - Foxfire               Conj/Fire      100%       2x1d9     1%          1
b - Scorch                Fire           72%        2d8       1%          2
c - Volatile Blastmotes   Fire/Tloc      72%        2d16      1%          3
d - Inner Flame           Hex/Fire       36%        N/A       1%          3
e - Flame Wave            Conj/Fire      36%        2d10      5%          4
f - Necrotise             Necr           100%       1d9       1%          1
g - Passwall              Tmut/Erth      30%        N/A       1%          2
h - Confusing Touch       Hex            36%        N/A       1%          3
i - Hailstorm             Conj/Ice       36%        3d9       1%          3
Your spell library was empty.

Dungeon Overview and Level Annotations

Branches:
Dungeon (8/15)             Temple (1/1) D:6            Lair (0/5) D:8
  Sewer (visited)

Altars:
Ashenzari
Cheibriados
Dithmenos
Elyvilon
Fedhas
Gozag
Hepliaklqana
Okawaru
Ru
Trog
Uskayaw
Wu Jian
Yredelemnul
Zin
The Shining One


Innate Abilities, Weirdness & Mutations

You are immune to sickness and miasma.
You are immune to poison.
Your flesh is very heat resistant. (rF++)
You are vulnerable to cold. (rC-)
You float through the air rather than walking.
You learn spells naturally, not from books.
Your magical power is your life essence.
You have superior vitality. (+4 MHP)


Message History

Okay, then.
Casting: Flame Wave (dangerous; 5% risk of failure)
Confirm with . or Enter, or press ? or * to list all spells.
Casting: Hailstorm (safe; 1% risk of failure)
Press: ? - help, Dir - look around, f - activate
Okay, then.
A killer bee comes into view.
Casting: Hailstorm (safe; 1% risk of failure)
Confirm with . or Enter, or press ? or * to list all spells.
Casting: Flame Wave (dangerous; 5% risk of failure)
Press: ? - help, Dir - look around, f - activate You miscast Flame Wave.
You are very lightly contaminated with residual magic.
You feel uncomfortably hot. You resist.
The killer bee buzzes angrily.
The killer bee misses you. The killer bee stings you.
Casting: Flame Wave (dangerous; 5% risk of failure)
Confirm with . or Enter, or press ? or * to list all spells.
Casting: Flame Wave (dangerous; 5% risk of failure)
Press: ? - help, Dir - look around, f - activate You miscast Flame Wave.
Nothing appears to happen.
The killer bee stings you.
* * * LOW HITPOINT WARNING * * *
The killer bee stings you.
* * * LOW HITPOINT WARNING * * *
Casting: Flame Wave (dangerous; 5% risk of failure)
Confirm with . or Enter, or press ? or * to list all spells.
Casting: Flame Wave (dangerous; 5% risk of failure)
Press: ? - help, Dir - look around, f - activate A wave of flame ripples out!
The flame wave engulfs the killer bee!
The killer bee is almost dead.
The flame wave engulfs the killer bee!
The killer bee is severely wounded. (Press . to intensify the flame waves.)
* * * LOW HITPOINT WARNING * * *
The killer bee stings you.
* * * LOW HITPOINT WARNING * * *
The killer bee stings you.
* * * LOW HITPOINT WARNING * * *
The killer bee stings you!
You die...

#...#...........#..~..##..
#...#..#.....>...........#
#.....................#.#
#......#.#.#...###.....###
#.........###.##......#..
#....#...#.#.........#.# ###..
#....................~.###.y....
#.....#......#...........).#
#..............@yy.....#####
##...............y.####.##
#................### #..#
#.........##.###.# ##.#
#.........#### ### ###.###
#.........# #.....######
#.........# #......Y5.5.
#.........# #.....######
#...<.....# #######


You could see 3 killer bees.

Vanquished Creatures
  Grinder (D:5)
  A shadow (D:7)
  A yak (D:8)
  2 steam dragons
  Duvessa (D:6)
  9 ice beasts
  2 sky beasts
  An ogre (D:6)
  A centaur (D:5)
  4 wolves (D:8)
  A kobold brigand (Sewer)
  5 elf zombies (D:6)
  A gnoll sergeant (D:5)
  An elf skeleton (D:6)
  4 bullfrogs
  2 scorpions
  Dowan (D:6)
  9 killer bees (D:8)
  A jelly (D:4)
  A quasit (D:8)
  4 orc priests
  A gnoll bouda (D:5)
  A human skeleton (D:6)
  9 iguanas
  5 orc wizards
  Ijyb (D:3)
  15 gnolls
  10 adders
  3 river rats (Sewer)
  2 shadow imps (D:8)
  4 white imps (D:8)
  An ufetubus (D:8)
  6 worms
  A dart slug (D:3)
  23 orcs
  9 bats
  8 endoplasms
  3 giant cockroaches
  5 goblins
  9 hobgoblins
  4 jackals (D:5)
  6 quokkas
  17 ball pythons
  4 frilled lizards
  17 kobolds
  3 orc skeletons (D:6)
  An orc zombie (D:6)
  28 rats
249 creatures vanquished.

Vanquished Creatures (others)
  544 foxfires
544 creatures vanquished.

Grand Total: 793 creatures vanquished

Notes
Turn   | Place    | Note
-------+----------+-------------------------------------------
     0 | D:1      | greatdavid the Djinni Fire Elementalist began the quest for
                  | the Orb.
     0 | D:1      | greatdavid set off with the following spells memorised:
                  | Foxfire, Scorch, Volatile Blastmotes, Inner Flame, Flame
                  | Wave.
     0 | D:1      | Reached XP level 1. HP: 15/15 MP: 0/0
    79 | D:1      | Reached XP level 2. HP: 13/21 MP: 0/0
   604 | D:1      | Reached XP level 3. HP: 23/26 MP: 0/0
   604 | D:1      | Learned a level 1 spell: Necrotise
   775 | D:1      | Found a faded altar of an unknown god.
  1009 | D:1      | Reached skill level 1 in Fighting
  1085 | D:2      | Reached XP level 4. HP: 30/32 MP: 0/0
  1087 | D:2      | Reached skill level 3 in Dodging
  1386 | D:2      | Reached XP level 5. HP: 24/38 MP: 0/0
  1386 | D:2      | Learned a level 2 spell: Passwall
  2229 | D:3      | Found an ornate altar of the Wu Jian Council.
  2463 | D:3      | Found an opulent altar of Gozag.
  2526 | D:3      | Noticed Ijyb
  2538 | D:3      | Killed Ijyb
  3080 | D:4      | Reached XP level 6. HP: 31/44 MP: 0/0
  3620 | D:4      | Reached skill level 4 in Dodging
  3778 | D:5      | Entered Level 5 of the Dungeon
  3867 | D:5      | Reached XP level 7. HP: 33/50 MP: 0/0
  3867 | D:5      | Learned a level 3 spell: Confusing Touch
  4255 | D:5      | Found the +7 staff of the Meek {protect, meekguard}
  4440 | D:5      | Reached skill level 1 in Evocations
  4599 | D:5      | Found a sacrificial altar of Ru.
  4827 | D:5      | Reached skill level 1 in Staves
  4827 | D:5      | Reached XP level 8. HP: 40/57 MP: 0/0
  4833 | D:5      | Reached skill level 5 in Spellcasting
  4976 | D:5      | Noticed Grinder
  5001 | D:5      | Killed Grinder
  5002 | D:5      | Reached skill level 5 in Dodging
  5272 | D:6      | Identified the staff of poison "Zegof" {rPois Int+2 SInv}
  5290 | D:6      | Found a glowing drain.
  5300 | Sewer    | Entered a sewer
  6123 | D:6      | Found a staircase to the Ecumenical Temple.
  6145 | Temple   | Entered the Ecumenical Temple
  6449 | D:6      | Found a glowing silver altar of Zin.
  6452 | D:6      | Became a worshipper of Zin the Law-Giver
  6452 | D:6      | Reached * piety under Zin
  6496 | D:6      | Reached ** piety under Zin
  6548 | D:6      | Found a blossoming altar of Fedhas.
  6552 | D:6      | Reached XP level 9. HP: 58/63 MP: 0/0
  6552 | D:6      | Learned a level 3 spell: Hailstorm
  6603 | D:6      | Reached skill level 1 in Invocations
  7117 | D:6      | Noticed Duvessa
  7137 | D:6      | Killed Duvessa
  7137 | D:6      | Noticed Dowan
  7144 | D:6      | Killed Dowan
  7443 | D:6      | Reached skill level 6 in Dodging
  7836 | D:6      | Reached skill level 5 in Fighting
  8173 | D:6      | Donated 140 gold pieces to Zin
  8787 | D:7      | Reached *** piety under Zin
  9152 | D:7      | Reached XP level 10. HP: 63/70 MP: 0/0
  9469 | D:8      | Reached skill level 5 in Invocations
  9543 | D:8      | Noticed a rime drake
  9932 | D:8      | Found a staircase to the Lair.
  9942 | D:8      | Reached skill level 7 in Dodging
 10627 | D:8      | HP: 2/72 [white imp/puff of frost (10)]
 10683 | D:8      | Slain by a killer bee

Illustrated notes

Levels and vault maps discovered:
D:1:      psy_arrival_dodecagon, layout_basic,
          nicolae_ecumenical_snake_handling, item_on_display_a
D:2:      layout_rooms, nicolae_wormholes
D:3:      layout_basic, nzn_wu_jian_council_hall, grunt_gozag_statues,
          serial_co_window_serial, co_window_of_opportunity_a,
          co_window_of_opportunity_a, co_window_corner_a, co_window_cross_1,
          co_window_corner_a, co_window_paths_b, co_window_broadway_c,
          co_window_corner_b, co_window_of_opportunity_c, co_window_corner_ca,
          co_window_broadway_a, glass_columns_a, glass_columns_b,
          glass_columns_a, uniq_ijyb
D:4:      layout_gridville
D:5:      layout_rooms, mainiacjoe_overflow_small_starburst,
          lemuel_crystal_altar, serial_curves, eino_curves_04, eino_curves_04,
          roderic_serpentine_path, uniq_grinder
D:6:      layout_loops_ring, fedhas_altar_2, kennysheep_mini_moat,
          minmay_temple_entry_purple_smoke, gup_sewer_entry_pipe,
          nicolae_ossuary_entry_catacombs, uniq_duvessa
D:7:      layout_basic, minmay_misc_feat_roman
D:8:      layout_rooms, minitemple, hellmonk_lair_entry_icy, serial_demonic,
          serial_demonic_g, serial_demonic_d, serial_demonic_f,
          serial_demonic_e, serial_demonic_f, serial_demonic_a, serial_demonic_f
Temple:   hellmonk_temple_forest_ring

Skill      XL: |  1  2  3  4  5  6  7  8  9 10 |
---------------+-------------------------------+-----
Fighting       | 1 2 3 4 5 6 |  6.2
Spellcasting   | 3 4 5 6 |  6.7
Dodging        | 3 4 5 6 7 |  7.3
Evocations     | 1 2 |  2.6
Staves         | 1 2 3 4 |  4.7
Invocations    | 4 6 |  6.3
Stealth        | |  1.7

Action                     |  1- 3 |  4- 6 |  7- 9 | 10-12 || total
---------------------------+-------+-------+-------+-------++-------
  Melee: Unarmed           |     1 |     4 |       |       ||     5
         Quarterstaff      |       |       |     2 |       ||     2
         Staff             |       |       |    11 |       ||    11
   Cast: Foxfire           |    60 |   120 |    90 |    62 ||   332
         Scorch            |     6 |    24 |    67 |    35 ||   132
         Necrotise         |       |     3 |       |       ||     3
         Volatile Blastmot |       |    18 |    73 |    28 ||   119
         Inner Flame       |       |     2 |       |       ||     2
         Confusing Touch   |       |       |     1 |       ||     1
         Passwall          |       |       |     5 |       ||     5
         Flame Wave        |       |       |     2 |     4 ||     6
         Hailstorm         |       |       |     1 |     2 ||     3
 Invoke: Recite            |       |       |     3 |     2 ||     5
         Donate Gold       |       |       |     1 |       ||     1
         Vitalisation      |       |       |       |     1 ||     1
    Use: Potion            |       |       |       |     1 ||     1
 Armour: Robe              |     2 |     1 |    12 |     8 ||    23
  Dodge: Dodged            |    13 |    13 |    81 |    42 ||   149
